Unix NetHack Version 5.0.0-0 post-release - last build Jul 14 2026 02:55:29 (1809b74e8187c3a3585e283601c3028b46cbbdcb,branch:main).

Game began 2026-07-06 01:15:48, ended 2026-07-18 00:20:49.

DosFlores, neutral male human Wizard

                                ------ --------
                                |....---...>|<|
                                |..``......-|^|
                                |.`.`.|```.||^|
                                |.....|....||^|
                                |----.------|^|
                                |......|    |^|
                                |...h``------^|
                                |....@..^...^^|
                                |......-----..|
                                --------   ----

DosFlores the Thaumaturge  St:9 Dx:15 Co:15 In:18 Wi:9 Ch:11  Neutral
Dlvl:5  $:0  HP:0(44) Pw:27(50) AC:4  Xp:6 T:3183  Burdened

Latest messages:
 The boulder suddenly rolls away from you!
 You hear a boulder fall.
 With great effort you move the boulder.
 With great effort you move the boulder.
 The boulder suddenly rolls away from you!
 You hear a boulder fall.
 The little dog bites!
 You hit the little dog.
 The little dog bites!
 The little dog bites!
 The little dog bites!
 The little dog bites!
 You miss the little dog.
 The little dog bites!
 You hit the little dog.
 The little dog bites!
 You miss the little dog.
 The little dog bites!
 The little dog bites!
 The little dog misses!
 In what direction? 9
 The spell hits the little dog!
 The little dog bites!
 The little dog bites!
 In what direction? 9
 The spell hits the little dog!
 You kill the little dog!
 The spell misses the lizard.
 You miss the lizard.
 The lizard bites!
 In what direction? 9
 The spell hits the lizard!
 The lizard bites!
 In what direction? 9
 The spell hits the lizard!
 You kill the lizard!
 You see here a lizard corpse.
 You have a little trouble lifting u - a lizard corpse.
 With great effort you move the boulder.
 With great effort you move the boulder.
 The boulder suddenly rolls away from you!
 You hear a boulder fall.
 The bugbear hits!
 The bugbear hits!
 You die...
 Do you want your possessions identified? [ynq] (y) y
 Do you want to see your attributes? [ynq] (y) y
 Do you want an account of creatures vanquished? [ynaq] (y) y
 Do you want to see your conduct and achievements? [ynq] (y) y
 Do you want to see the dungeon overview? [ynq] (y) y

Inventory:
 Weapons  (')')
  F - 4 cursed -2 darts
  A - 16 +0 daggers (at the ready)
  W - a cursed -1 javelin
  a - a blessed +1 quarterstaff (weapon in hands)
 Armor    ('[')
  U - an uncursed +0 pair of high boots (being worn)
  b - an uncursed +0 cloak of magic resistance (being worn)
  h - an uncursed +0 mummy wrapping
  T - an uncursed +0 studded leather armor (being worn)
 Comestibles  ('%')
  f - an uncursed cram ration
  q - 6 uncursed food rations
  t - an uncursed tin of pickled gnome meat
  R - an uncursed lichen corpse
  u - an uncursed lizard corpse
 Scrolls  ('?')
  P - 4 uncursed scrolls of blank paper
  m - an uncursed scroll of confuse monster
  Q - an uncursed scroll of enchant weapon
  i - an uncursed scroll of magic mapping
  k - a blessed scroll of remove curse
  p - an uncursed scroll of remove curse
  o - an uncursed scroll of scare monster
  j - an uncursed scroll of teleportation
 Potions  ('!')
  g - an uncursed potion of enlightenment
  H - an uncursed potion of levitation
  r - a cursed potion of oil
 Rings    ('=')
  e - an uncursed ring of slow digestion (on right hand)
  d - an uncursed ring of teleport control
 Wands    ('/')
  c - a wand of sleep (0:7)
 Tools    ('(')
  n - a magic marker (0:20)
  D - an uncursed tin whistle
  E - a tinning kit (0:61)
 Gems/Stones  ('*')
  s - an uncursed worthless piece of violet glass

DosFlores the Wizard's attributes:

Background:
 You were a Thaumaturge, a level 6 male human Wizard.
 You were neutral, on a mission for Thoth
 who was opposed by Ptah (lawful) and Anhur (chaotic).
 You were right-handed.
 You were in Sokoban, on level 5.
 You entered the dungeon 3183 turns ago.
 It was the midnight hour.
 You had 494 experience points, 146 more were needed to attain level 7.

Basics:
 You had 0 out of 44 hit points.
 You had 27 out of 50 energy points (spell power).
 Your armor class was 4.
 Your wallet was empty.
 Autopickup was off.

Final Characteristics:
 Your strength was 9 (limit:18/100).
 Your dexterity was 15 (limit:18).
 Your constitution was 15 (limit:18).
 Your intelligence was 18 (limit:18).
 Your wisdom was 9 (limit:18).
 Your charisma was 11 (limit:18).

Final Status:
 You weren't hungry.
 You were burdened; movement was slightly slowed.
 You were wielding a quarterstaff.
 You were skilled in quarterstaff.

Final Attributes:
 You were piously aligned.
 You were magic-protected.
 You had slower digestion.
 You were warded.
 You are dead.

Miscellaneous:
 You didn't encounter any bones levels.
 Total elapsed playing time was 38 minutes and 44 seconds.

Major events:
 Turn
    1: DosFlores the neutral male human Wizard entered the dungeon
  540: entered the Gnomish Mines
  609: attained the rank of Conjurer (level 3)
 2153: attained the rank of Thaumaturge (level 6)
 3084: entered Sokoban
 3183: killed by a bugbear

Spells:
 Name                 Level Category     Fail Retention
 force bolt             1   attack         0%   81%-90%
 detect food            2   divination    31%  76%-100%

Skills:
 Fighting Skills
   bare handed combat [Unskilled]
   riding             [Unskilled]
 Weapon Skills
   dagger             [Unskilled]
   knife              [Unskilled]
   axe                [Unskilled]
   short sword        [Unskilled]
   club               [Unskilled]
   mace               [Unskilled]
   quarterstaff       [Skilled]
   polearms           [Unskilled]
   spear              [Unskilled]
   trident            [Unskilled]
   sling              [Unskilled]
   dart               [Unskilled]
   shuriken           [Unskilled]
 Spellcasting Skills
   attack spells      [Basic]
   healing spells     [Unskilled]
   divination spells  [Unskilled]
   enchantment spells [Basic]
   clerical spells    [Unskilled]
   escape spells      [Unskilled]
   matter spells      [Unskilled]

Voluntary challenges:
 Character rerolling was not enabled.
 You never genocided any monsters.
 You never polymorphed an object.
 You never changed form.
 You used no wishes.
 You did not violate any of the special Sokoban rules.
Achievements:
 You entered the Gnomish Mines.
 You attained the rank of Conjurer.
 You entered a shop.
 You attained the rank of Thaumaturge.
 You entered Sokoban.

 The Dungeons of Doom: levels 1 to 6
    Level 1: "[locked box LR]"
       Some fountains.
    Level 2:
       A fountain, a sink.
    Level 3:
       A fountain, a grave.
       Stairs down to The Gnomish Mines.
    Level 4:
       An armor shop, a fountain, a grave.
    Level 5:
       Many fountains.
       Oracle of Delphi.
    Level 6:
       A sink.
       Stairs up to Sokoban, level 5.
 The Gnomish Mines: levels 4 to 5
    Level 4:
    Level 5:
 Sokoban:
    Level 5: <- You were here.
       Unsolved.
       Final resting place for
          you, killed by a bugbear.


Vanquished creatures:
  2 leprechauns
  a lizard
  a blue jelly
  a gnome mummy
  a wood nymph
  a rock piercer
  a fog cloud
  2 shriekers
  3 gnome leaders
  2 gray oozes
 an elf zombie
  a paper golem
  a baby crocodile
  a little dog
  a kitten
  3 dwarves
  2 homunculi
  2 hill orcs
  a giant bat
  2 orc zombies
  a wererat
  a hobbit
  a hobgoblin
  4 giant rats
  3 cave spiders
  a green mold
 15 gnomes
  3 geckos
  a jackal
  a fox
  a kobold
  2 sewer rats
  3 grid bugs
  2 lichens
  a newt
70 creatures vanquished.

No species were genocided or became extinct.

Game over:
                       ----------
                      /          \
                     /    REST    \
                    /      IN      \
                   /     PEACE      \
                  /                  \
                  |    DosFlores     |
                  |       0 Au       |
                  |   killed by a    |
                  |     bugbear      |
                  |                  |
                  |                  |
                  |       2026       |
                 *|     *  *  *      | *
        _________)/\\_//(\/(/\)/\//\/|_)_______

Goodbye DosFlores the Wizard...

You died in Sokoban on dungeon level 5 with 2226 points,
and 0 pieces of gold, after 3183 moves.
You were level 6 with a maximum of 44 hit points when you died.

